sweet cherry, chaotic male human Rogue I -------... |...)$|%.. |)....-`). |..f)`|)%% |%.`D%| |I`-)--- |..|@@..| |..|..^(| --------- sweet cherry the Pilferer Experience level: 10 Strength: 18 Dexterity: 18 Constitution: 18 Intelligence: 8 Wisdom: 12 Charisma: 12 Health: 0(57) Energy: 33(33) Def: 20 Gold: 0 Moves: 27947 Dungeon seed: 31NMJjmiRdUkEwlF Game ID: sweet cherry_1556700577 Your Inventory: Amulets V - an uncursed amulet of reflection (being worn) Weapons b - 10 uncursed +0 daggers (in quiver) f - the uncursed rustproof +0 Stormbringer (weapon in hand) w - an uncursed +0 knife of frost Armor e - a blessed +3 gray dragon scale mail (being worn) n - a blessed +0 leather cloak (being worn) q - an uncursed rotted +0 mummy wrapping r - a cursed +0 dwarvish iron helm (being worn) x - an uncursed +0 pair of high boots z - an uncursed very burnt +0 pair of leather gloves (being worn) N - an uncursed +0 pair of leather gloves P - an uncursed rusty +0 pair of iron shoes (being worn) Y - an uncursed very burnt +0 elven shield of stealth (being worn) Comestibles s - an uncursed male lizard corpse Rings y - an uncursed ring of protection from shape changers and stealth named pr sh ch (on left hand) M - an uncursed ring of slow digestion T - an uncursed ring of levitation Wands c - an uncursed wand of teleportation (0:4) j - an uncursed wand of sleep (0:3) E - an uncursed wand of summoning (0:4) R - an uncursed wand of nothing (0:5) Tools d - an uncursed lock pick k - a blessed +0 unicorn horn C - an uncursed expensive camera (0:41) J - an uncursed magic whistle K - a blessed bag of holding W - an uncursed blindfold Gems U - an uncursed flint stone X - an uncursed luckstone Contents of the bag of holding: 14113 gold pieces a cursed amulet of restful sleep 12 uncursed +0 daggers a blessed +1 pair of kicking boots an uncursed carrot an uncursed clove of garlic 2 uncursed food rations an uncursed fortune cookie an uncursed lembas wafer 10 uncursed lumps of royal jelly an uncursed tin of female kobold meat an uncursed tripe ration an uncursed scroll of amnesia 11 uncursed scrolls of blank paper a blessed scroll of confuse monster an uncursed scroll of destroy armor 2 uncursed scrolls of earth a cursed scroll of enchant armor 3 uncursed scrolls of enchant weapon a blessed scroll of identify a blessed scroll of magic mapping an uncursed scroll of remove curse an uncursed scroll of scare monster a blessed scroll of stinking cloud a cursed scroll of stinking cloud an uncursed scroll of summoning a blessed scroll of teleportation 2 uncursed scrolls of teleportation an uncursed spellbook of cancellation an uncursed spellbook of magic mapping an uncursed potion of booze an uncursed potion of confusion an uncursed potion of fruit juice a potion of holy water an uncursed potion of levitation 3 uncursed potions of object detection an uncursed potion of restore ability a cursed potion of restore ability an uncursed potion of speed 3 uncursed potions of water a cursed +1 ring of searching an uncursed ring of slow digestion an uncursed wand of enlightenment (0:8) an uncursed wand of magic missile (0:6) an uncursed wand of magic missile (0:5) an uncursed wand of make invisible (0:6) an uncursed wand of polymorph (0:5) an uncursed wand of polymorph (0:2) an uncursed wand of sleep named sleep (0:3) an uncursed wand of striking (0:7) an uncursed wand of teleportation (0:4) an uncursed +0 unicorn horn an uncursed +0 unicorn horn an uncursed +0 unicorn horn 2 uncursed aquamarine stones 2 uncursed diamonds an uncursed emerald an uncursed fluorite stone 3 uncursed jasper stones an uncursed obsidian stone 3 uncursed rubies 2 uncursed turquoise stones 5 uncursed worthless pieces of blue glass 7 uncursed worthless pieces of green glass an uncursed worthless piece of orange glass 4 uncursed worthless pieces of red glass 2 uncursed worthless pieces of white glass 5 uncursed worthless pieces of yellow glass an uncursed worthless piece of yellowish brown glass Spells and supernatural/magical abilities: Name Level Category Cost Memory h - healing 1 healing 1000pw 58% U - detect unseen 3 divination 3000pw 81% W - pray for help -- divine ? -- Your skills at the end: Fighting Skills wands [Basic] Weapon Skills dagger [Skilled] short sword [Expert] Spellcasting Skills Final Attributes: You were piously aligned. You were fire resistant. You were cold resistant. You were poison resistant. You were magic resistant. You were level-drain resistant. You saw invisible. You were telepathic. You had automatic searching. You were invisible. You were stealthy. You were protected. You were protected from shape changers. You had reflection. You were very lucky. You had extra luck. Bad luck did not time out for you. Good luck did not time out for you. You got a gift from your god 2535 turns ago. Kos was pleased with you. You are dead. Vanquished creatures: a gray dragon an orange dragon a green dragon 2 baluchitheria a trapper 2 guards a clay golem a nurse a vampire a ghost a lieutenant a queen bee 2 giant mimics a flesh golem a large mimic 2 long worms 3 stalkers a giant mummy 9 sergeants a warg a winter wolf 2 small mimics 3 glass piercers an ettin mummy 2 quantum mechanics a wood golem a large dog a freezing sphere a flaming sphere 2 shocking spheres 2 large cats a tiger 2 gargoyles 2 tengu 3 ochre jellies 2 leocrottas a stone giant an elf mummy 2 human mummies a pit viper a python 2 cobras a wraith a carnivorous ape an ettin zombie a leather golem 52 soldiers a watchman an incubus 2 crocodiles 5 giant beetles a cockatrice 5 wolves 4 winter wolf cubs 2 lynxes 4 gremlins 2 spotted jellies 3 leprechauns an orc-captain 3 iron piercers 2 scorpions 2 horses 2 ice vortices 3 vampire bats 6 gnome kings 2 orc mummies 3 brown puddings 2 rust monsters an owlbear 5 yetis a gold golem a werewolf 6 lizards a chickatrice a dog 4 housecats 3 jaguars 6 dwarf lords 4 white unicorns 3 dust vortices 5 ravens 3 plains centaurs 4 gnome mummies 3 snakes 2 human zombies 3 rope golems a Woodland-elf 11 soldier ants 2 fire ants 4 wood nymphs 3 water nymphs 6 mountain nymphs an orc shaman 3 rock piercers 6 rock moles a pony 3 fog clouds 7 yellow lights 4 shriekers 5 violet fungi 19 gnome lords 7 gnomish wizards 2 kobold mummies 4 black naga hatchlings a golden naga hatchling a guardian naga hatchling a gray ooze 6 elf zombies 2 ghouls 2 straw golems 4 paper golems 2 baby crocodiles 28 giant ants 7 little dogs 12 floating eyes 7 kittens 19 dwarves 2 homunculi 2 kobold lords 33 hill orcs 18 rothes 2 rabid rats 8 giant bats 9 monkeys 6 orc zombies 3 dwarf zombies 3 wererats 10 iguanas 27 killer bees 5 acid blobs 3 coyotes 3 gas spores 5 hobbits 8 manes 2 large kobolds 6 hobgoblins 5 giant rats 6 cave spiders 6 brown molds 2 yellow molds 6 green molds 3 red molds 60 gnomes 9 garter snakes 3 gnome zombies 11 geckos 14 jackals 3 foxes a kobold 4 goblins 4 sewer rats 10 grid bugs 2 bats 5 lichens 5 kobold zombies 12 newts 744 creatures vanquished. Voluntary challenges: You had been an atheist until turn 3723. You used a wielded weapon 743 times, starting on turn 228. You read items or engraved 42 times, starting on turn 246. You never genocided any monsters. You never polymorphed an object. You never changed form. You used 1 wish, starting on turn 6954. You did not wish for any artifacts. You split 2 puddings, starting on turn 9609. You wrote Elbereth's name 14 times, starting on turn 246. You violated your moral code, losing 211 points of alignment, starting on turn 11881. Dungeon overview: The Dungeons of Doom: levels 1 to 18 Level 1 a long staircase Level 2 Level 3 (vault) a vault stairs to The Gnomish Mines Level 4 a general store, a vault Level 5 a sink Level 6 a general store, a fountain Level 7 many fountains Level 8 a fountain stairs to Sokoban Level 9 Level 10 Level 11 a vault portal to Fort Ludios Level 12 a fountain Level 13 a sink, a vault Level 14 Level 15 Level 16 some fountains, a sink, a vault Level 17 Level 18 an altar to Kos The Gnomish Mines: levels 4 to 12 Level 4 stairs to The Dungeons of Doom Level 5 Level 6 Level 7 some shops, a temple to Kos, a sink Level 8 Level 9 Level 10 Level 11 Level 12 a fountain Sokoban: levels 4 to 7 Level 4 Solved Level 5 Solved Level 6 Solved Level 7 Solved stairs to The Dungeons of Doom Fort Ludios: Level 1 <- You were here portal to The Dungeons of Doom History has recorded: On T:1 you entered the Dungeons of Doom to retrieve the Amulet of Yendor! On T:94 you reached level 2 of The Dungeons of Doom. On T:548 you advanced to experience level 2. On T:1024 you reached level 3 of The Dungeons of Doom. On T:1107 you reached level 4 of The Dungeons of Doom. On T:1159 you reached level 1 of The Gnomish Mines. On T:1244 you advanced to experience level 3. On T:1609 you advanced to experience level 4. On T:1903 you reached level 5 of The Dungeons of Doom. On T:2117 you advanced to experience level 5. On T:2706 you reached level 2 of The Gnomish Mines. On T:2719 you reached level 3 of The Gnomish Mines. On T:2755 you advanced to experience level 6. On T:3475 you reached level 4 of The Gnomish Mines. On T:4257 you reached level 5 of The Gnomish Mines. On T:4330 you advanced to experience level 7. On T:5294 you reached level 6 of The Dungeons of Doom. On T:5738 you reached level 7 of The Dungeons of Doom. On T:6954 you wished for "blessed +3 gray dragon scale mail". On T:7661 you reached level 6 of The Gnomish Mines. On T:7788 you advanced to experience level 8. On T:7939 you reached level 7 of The Gnomish Mines. On T:12034 you reached level 8 of The Dungeons of Doom. On T:12188 you reached level 9 of The Dungeons of Doom. On T:12212 you reached level 4 of Sokoban. On T:12464 you reached level 3 of Sokoban. On T:13063 you reached level 2 of Sokoban. On T:13548 you reached level 1 of Sokoban. On T:14349 you advanced to experience level 9. On T:15484 you reached level 10 of The Dungeons of Doom. On T:18367 you reached level 8 of The Gnomish Mines. On T:18477 you reached level 9 of The Gnomish Mines. On T:20938 you reached level 11 of The Dungeons of Doom. On T:21018 you reached level 12 of The Dungeons of Doom. On T:21796 you reached level 13 of The Dungeons of Doom. On T:22156 you reached level 14 of The Dungeons of Doom. On T:23043 you reached level 15 of The Dungeons of Doom. On T:23530 you reached level 16 of The Dungeons of Doom. On T:23693 you reached level 17 of The Dungeons of Doom. On T:24113 you reached level 18 of The Dungeons of Doom. On T:24528 you advanced to experience level 10. On T:25412 you received Stormbringer from Kos. On T:27577 you reached Fort Ludios. Score breakdown: Gold: 14113 (14115 points) Experience: 10 levels (16712 points) Exploration: 20 levels ( 42.55%) (19280 points) Discoveries: 41 items ( 13.58%) (11053 points) Valuables value: (no points given unless you survive) Artifact value: 8000 (13277 points) Variety of kills: 156 monsters ( 41.05%) (19221 points) Turncount: 27947 turns (-3896 points) Survival: died (score multiplied by 80%) Total score: 71809 Latest messages: You hear some noises in the distance. The red dragon breathes fire! The blast of fire whizzes by you! The blast of fire bounces! The captain bumps right into you! You hear some noises nearby. The black blade draws the life from the captain! The captain suddenly seems weaker! You hear some noises in the distance. The captain wields a magical broadsword! The captain swings her magical broadsword at you. The captain misses. You hear some noises nearby. The red dragon breathes fire! The blast of fire hits you! But the blast of fire reflects from your amulet! The blast of fire hits the red dragon! The red dragon doesn't feel hot. The black blade draws the life from the captain! The captain suddenly seems weaker! The red dragon picks up a few items from the floor. The captain swings her magical broadsword at you. The captain hits! The captain swings her magical broadsword at you. The captain hits! You die... Final status: Goodbye sweet cherry the Rogue, killed by a captain... You died in Fort Ludios with 71809 points, and 14113 pieces of gold, after 27947 moves. You were level 10 with a maximum of 57 hit points when you died.